 Dungeon Crawl Stone Soup version 0.26-a0-58-g79b31b8662 (webtiles) character file.

Game seed: 18230395467810700061

328 gkniet the Chopper (level 6, -10/57 HPs)
             Began as a Deep Dwarf Chaos Knight on June 9, 2020.
             Was an Initiate of Makhleb.
             Mangled by an ice beast (13 damage)
             ... on level 8 of the Dungeon.
             The game lasted 00:06:39 (1557 turns).

gkniet the Chopper (Deep Dwarf Chaos Knight)        Turns: 1557, Time: 00:06:40

Health: -10/57     AC: -7    Str: 18    XL:     6   Next: 25%
Magic:  5/5        EV: 12    Int: 12    God:    Makhleb [......]
Gold:   101        SH:  0    Dex: 12    Spells: 5/5 levels left

rFire    + . .     SeeInvis .   a - +0 hand axe (chaos)
rCold    . . .     Gourm    .   (no shield)
rNeg     . . .     Faith    .   b - +2 leather armour
rPois    .         Spirit   .   (no helmet)
rElec    .         Reflect  .   (no cloak)
rCorr    .         Harm     .   j - +0 pair of gloves
MR       .....     Rnd*Tele +   g - +1 pair of boots
Stlth    ++........             l - amulet of the acrobat
HPRegen  0.00/turn              e - ring of protection from fire
MPRegen  0.09/turn              i - ring of teleportation (curse)

@: lethally poisoned (-10 -> -10), corroded, non-regenerating
A: damage resistance, heal wounds, sense surroundings 1, no regeneration
a: Heal Wounds, Renounce Religion


You were on level 8 of the Dungeon.
You worshipped Makhleb.
Makhleb was noncommittal.
You were not hungry.

You visited 2 branches of the dungeon, and saw 9 of its levels.

You collected 101 gold pieces.

Inventory:

Hand Weapons
 a - a +0 hand axe of chaos (weapon)
Armour
 b - a +2 leather armour (worn)
 g - a +1 pair of boots (worn)
 j - a +0 pair of gloves (worn)
Jewellery
 e - a ring of protection from fire (left hand)
 i - a cursed ring of teleportation (right hand)
 l - an amulet of the acrobat (around neck)
Scrolls
 f - a scroll of random uselessness {unknown}
 k - a scroll of teleportation {unknown}
 n - 3 scrolls of identify {unknown}
 p - a scroll of remove curse {unknown}
Potions
 d - 3 potions of curing {unknown}
 h - a potion of invisibility {unknown}
 m - a potion of might {unknown}
 o - 2 potions of flight {unknown}
 q - a potion of lignification {unknown}
Comestibles
 c - 7 rations
 r - 5 chunks of flesh


   Skills:
 + Level 3.9 Fighting
 + Level 5.9 Axes
 + Level 2.7 Armour
 + Level 2.8 Dodging
 + Level 1.8 Stealth


You had 5 spell levels left.
You didn't know any spells.
Your spell library was empty.

Dungeon Overview and Level Annotations

Branches:
Dungeon (8/15)             Temple (1/1) D:7
   Lair: D:8-11

Altars:
Cheibriados
Hepliaklqana
Kikubaaqudgha
Makhleb
Okawaru
Qazlal
Trog
Vehumet

Shops:
D:7 *


Innate Abilities, Weirdness & Mutations

You are resistant to damage.
You can heal yourself by infusing magical energy.
You passively map a small area around you.
You do not regenerate.


Message History

The ice beast freezes you.
* * * LOW HITPOINT WARNING * * *
Unknown command.
You barely miss the ogre.
The ogre is lightly wounded.
You hit the ice beast but do no damage. You closely miss the crimson imp.
The crimson imp hits you. The ogre closely misses you.
The ice beast barely misses you. The crimson imp closely misses you.
Unknown command.
You barely miss the ogre.
The ogre is lightly wounded.
You hit the crimson imp.
Lightning courses through the crimson imp!
You hit the ice beast but do no damage. The crimson imp hits you.
* * * LOW HITPOINT WARNING * * *
The ogre barely misses you. The ice beast hits you.
* * * LOW HITPOINT WARNING * * *
The ice beast freezes you!
You die...
Xom chortles!

######
##....##
#<...^.#
#......#
#.@O...#
#.Y5...#
#......#
#......#
*
*##.....#
#.....#
,......#
, .......
*


You could see an ice beast, an ogre (strong, very poisoned) and a crimson imp
(fast).

Vanquished Creatures
  An orc warrior (D:7)
  A scorpion (D:5)
  A jelly (D:7)
  An iguana (D:5)
  A worker ant (D:8)
  A hound zombie (D:6)
  A worker ant zombie (D:6)
  2 adders (D:5)
  2 oozes (D:1)
  An adder skeleton (D:4)
  2 worms
  5 leopard geckos
  2 orcs (D:7)
  3 bats (D:1)
  3 giant cockroaches
  2 goblins (D:1)
  3 hobgoblins
  4 jackals
  2 quokkas
  4 frilled lizards
  A kobold (D:3)
  A quokka skeleton (D:4)
  3 rats
  A plant (D:5)
48 creatures vanquished.

Vanquished Creatures (collateral kills)
  A bat (D:2)
1 creature vanquished.

Grand Total: 49 creatures vanquished

Notes
Turn   | Place    | Note
-------+----------+-------------------------------------------
     0 | D:1      | gkniet the Deep Dwarf Chaos Knight began the quest for the
                  | Orb.
     0 | D:1      | Reached XP level 1. HP: 20/20 MP: 1/1
    50 | D:1      | Reached XP level 2. HP: 28/28 MP: 2/2
   104 | D:1      | XOM: silly message
   208 | D:1      | XOM: silly message
   499 | D:2      | Reached XP level 3. HP: 21/34 MP: 3/3
   542 | D:3      | XOM: potion effect (berserk rage)
   694 | D:4      | Reached skill level 4 in Axes
   775 | D:5      | Entered Level 5 of the Dungeon
   793 | D:5      | Reached XP level 4. HP: 28/42 MP: 4/4
   976 | D:5      | XOM: confuse monster(s)
   995 | D:5      | Reached skill level 5 in Axes
   995 | D:5      | Reached XP level 5. HP: 21/49 MP: 5/5
  1059 | D:6      | XOM: stealth player
  1144 | D:6      | XOM: 1-stop teleportation journey
  1176 | D:6      | XOM: silly message
  1246 | D:7      | Found Heiczi's Assorted Antiques.
  1246 | D:7      | Found a staircase to the Ecumenical Temple.
  1254 | Temple   | Entered the Ecumenical Temple
  1323 | Temple   | Fell from the grace of Xom
  1323 | Temple   | Became a worshipper of Makhleb the Destroyer
  1429 | D:7      | Noticed an orc warrior
  1440 | D:7      | Killed an orc warrior
  1440 | D:7      | Reached skill level 1 in Stealth
  1440 | D:7      | Reached XP level 6. HP: 50/57 MP: 6/6
  1546 | D:8      | Noticed an ice beast
  1557 | D:8      | Mangled by an ice beast

Illustrated notes

Levels and vault maps discovered:
D:1:      lemuel_arrival_behind_the_door_small, layout_rooms,
          minmay_misc_feat_tiny
D:2:      layout_basic, first_ration, serial_park_tiny_1
D:3:      layout_loops_cross
D:4:      layout_gridville, grunt_temple_overflow_open, minmay_misc_feat_room
D:5:      layout_basic, minmay_lizard_king, uniq_ijyb
D:6:      layout_loops_corners, basic_altar
D:7:      layout_rooms, zin_academy, minmay_temple_entry_ruins, serial_shops,
          shop, the_bakery, roderic_batcave, uniq_prince_ribbit1
D:8:      layout_gridville, gammafunk_temple_overflow_wave,
          minmay_misc_feat_ornament, grunt_qazlal_sundering
Temple:   minmay_temple_curvy_loop

Skill      XL: |  1  2  3  4  5 |
---------------+----------------+-----
Fighting       | 3 |  3.9
Axes           | 4 5 |  5.9
Dodging        | 2 |  2.8
Stealth        | 1 |  1.8
Armour         | |  2.7

Action                   |  1- 3 |  4- 6 || total
-------------------------+-------+-------++-------
Melee: Hand axe          |    94 |   108 ||   202
 Abil: Heal Wounds       |     1 |     4 ||     5
  Use: Scroll            |     1 |       ||     1
 Stab: Confused          |     1 |       ||     1
       Sleeping          |       |     2 ||     2
       Petrified         |       |     5 ||     5
  Eat: Chunk             |       |     2 ||     2
Armor: Leather armour    |    50 |    30 ||    80
Dodge: Dodged            |    89 |    84 ||   173

Table legend:
 A = Non-vault XP
 B = Vault XP
 C = Vault XP percentage of total XP
 D = Non-vault monster count
 E = Vault monster count
 F = Vault count percentage of total count
                 A         B        C        D         E       F
            +---------+---------+-------+---------+---------+-------
      Total |     421 |      48 |  10.2 |      42 |       6 |  12.5
            +---------+---------+-------+---------+---------+-------
        D:1 |      35 |       0 |   0.0 |      15 |       0 |   0.0
        D:2 |       6 |       0 |   0.0 |       2 |       0 |   0.0
        D:3 |      12 |       0 |   0.0 |       7 |       0 |   0.0
        D:4 |      13 |       0 |   0.0 |       4 |       0 |   0.0
        D:5 |      98 |      48 |  32.9 |       4 |       6 |  60.0
        D:6 |      41 |       0 |   0.0 |       4 |       0 |   0.0
        D:7 |     183 |       0 |   0.0 |       5 |       0 |   0.0
        D:8 |      33 |       0 |   0.0 |       1 |       0 |   0.0
            +---------+---------+-------+---------+---------+-------
